 Dungeon Crawl Stone Soup version 0.30-a0-459-g9104f0fc43 (webtiles) character file.

Game seed: 10854802177827860215

41 coraxio the Slasher (level 3, -4/32 HPs)
             Began as an Armataur Monk on Dec 16, 2022.
             Slain by an orc priest
             ... wielding a +0 dagger
              (5 damage)
             ... on level 2 of the Dungeon.
             The game lasted 00:02:55 (1147 turns).

coraxio the Slasher (Armataur Monk)                 Turns: 1147, Time: 00:02:55

Health: -4/32      AC:  4    Str: 16    XL:     3   Next: 32%
Magic:  3/3        EV: 10    Int: 10    God:
Gold:   55         SH:  0    Dex: 14    Spells: 2/2 levels left

rFire   . . .      SeeInvis .    a - +0 falchion
rCold   . . .      Faith    .    (no shield)
rNeg    . . .      Spirit   .    b - +0 robe
rPois   .          Reflect  .    (no helmet)
rElec   .          Harm     .    (no cloak)
rCorr   .          Roll     +    (no gloves)
Will    .....                    (no barding)
Stlth   ++........               (no amulet)
HPRegen 0.25/turn                (no ring)
MPRegen 0.08/turn                (no ring)

@: no status effects
A: large, rugged brown scales 3, deformed body, armoured tail, roll, long
tongue, awkward tongue
a: no special abilities


You were on level 2 of the Dungeon.
You visited 1 branch of the dungeon, and saw 2 of its levels.

You collected 55 gold pieces.

Inventory:

Hand Weapons
 a - a +0 falchion (weapon)
Armour
 b - a +0 robe (worn)
 d - a +0 chain mail
 e - a +0 plate armour
 l - a +0 ring mail
Wands
 m - a wand of paralysis (9)
Scrolls
 g - a scroll of torment
 j - a scroll of identify {unknown}
 k - a scroll of enchant weapon {unknown}
Potions
 c - a potion of ambrosia
 f - a potion of degeneration {unknown}
 h - a potion of berserk rage {unknown}
 i - 2 potions of heal wounds {unknown}


   Skills:
 + Level 2.7 Fighting
 - Level 4.0 Long Blades
 + Level 0.1 Armour
 + Level 2.2 Dodging
 + Level 2.2 Stealth


You had 2 spell levels left.
You didn't know any spells.
Your spell library contained the following spells:

 Spells                   Type           Power      Damage    Failure   Level
 Ensorcelled Hibernation  Hex/Ice        0%         N/A       50%         2
 Passwall                 Tmut/Erth      0%         N/A       50%         2
 Swiftness                Air            0%         N/A       75%         3


Dungeon Overview and Level Annotations

Branches:
Dungeon (2/15)

Altars:


Innate Abilities, Weirdness & Mutations

You are completely covered in rugged brown scales. (AC +3, +7% HP)
Armour fits poorly on your strangely shaped body.
You have a long armoured tail.
You roll when moving toward enemies. (Rampage)
Your long tongue fully drains potion bottles. (2x potion effects)
Your tongue gives you trouble enunciating. (1.5x scroll delay)


Message History

You roll towards the orc!
The orc barely misses you.
You slash the orc!
You kill the orc!
No target in view!
An orc comes into view. It is wielding a +0 trident.
The orc moves out of view.
Things that are here:
a +0 falchion; a +0 leather armour; an orc corpse An orc comes into view.
It is wielding a +0 club.
Things that are here:
a +0 falchion; a +0 leather armour; an orc corpse The orc priest looks satisfied for a moment.
The orc priest mumbles some strange prayers to Beogh against you.
Pain shoots through your body!
The orc priest looks satisfied for a moment.
You roll towards the orc priest!
You hit the orc priest.
The orc priest is lightly wounded.
The orc priest hits you but does no damage.
You hit the orc priest but do no damage.
Your tail-slap misses the orc priest.
The orc priest is lightly wounded.
The orc priest misses you.
You hit the orc priest but do no damage.
The orc priest is lightly wounded.
The orc priest hits you but does no damage.
You closely miss the orc priest. You tail-slap the orc priest.
The orc priest is moderately wounded.
The orc priest invokes the aid of Beogh against you.
Beogh smites you!
Ouch! That really hurt!
You hit the orc priest but do no damage.
Your tail-slap misses the orc priest.
The orc priest is moderately wounded.
The orc priest mumbles some strange prayers to Beogh against you.
Beogh smites you!
* * * LOW HITPOINT WARNING * * *
You slash the orc priest!
The orc priest is severely wounded.
The orc priest hits you with a +0 dagger.
You die...

### ###### #.#
.....###########.#
#...)..o......#
#..##########o#
####..##### #@#
#.........# #.#
#.o.......# #.#
#.........# #.#
#.........# #.#
#.........# #.#
$.........# #.#
..##..##### #.# ..
...# #.#


You could see an orc priest.

Vanquished Creatures
  An adder (D:2)
  An orc (D:2)
  An endoplasm (D:1)
  A giant cockroach (D:1)
  A goblin (D:1)
  5 hobgoblins (D:1)
  3 kobolds (D:1)
  3 quokkas (D:1)
  4 ball pythons (D:1)
  A bat (D:1)
  3 frilled lizards (D:1)
  6 rats
30 creatures vanquished.

Notes
Turn   | Place    | Note
-------+----------+-------------------------------------------
     0 | D:1      | coraxio the Armataur Monk began the quest for the Orb.
     0 | D:1      | Reached XP level 1. HP: 19/19 MP: 1/1
    94 | D:1      | Reached skill level 3 in Long Blades
   130 | D:1      | Reached XP level 2. HP: 18/26 MP: 2/2
   776 | D:1      | Reached XP level 3. HP: 29/32 MP: 3/3
   980 | D:2      | Reached skill level 4 in Long Blades
  1146 | D:2      | HP: 1/32 [orc priest/divine providence (14)]
  1147 | D:2      | Slain by an orc priest

Illustrated notes

Levels and vault maps discovered:
D:1:      dpeg_arrival_round_a, layout_basic
D:2:      minmay_alternating_diamond, layout_basic, minmay_unequal, uniq_robin

Skill      XL: |  1  2  3 |
---------------+----------+-----
Long Blades    | 3 4 |  4.0
Fighting       | |  2.7
Armour         | |  0.1
Dodging        | |  2.2
Stealth        | |  2.2

Action                   || total
-------------------------++-------
Melee: Falchion          ||    87
       Tailslap          ||     6
       Punch             ||     1
Throw: Stone             ||    13
  Use: Scroll            ||     1
 Stab: Sleeping          ||     5
Armor: Robe              ||    21
Dodge: Dodged            ||    41

Table legend: (Time is in decaauts)
 A = Elapsed time spent in this place.
 B = Non-inter-level travel time spent in this place.
 C = Inter-level travel time spent in this place.
 D = Time resting spent in this place.
 E = Time spent auto-exploring this place.
 F = Levels seen in this place.
 G = Mean time per level.
                   A        B        C        D        E       F      G
               +--------+--------+--------+--------+--------+-----+--------+
         Total |   1160 |   1082 |     78 |      0 |    795 |   2 |  580.0 |
       Dungeon |   1160 |   1082 |     78 |      0 |    795 |   2 |  580.0 |
               +--------+--------+--------+--------+--------+-----+--------+

Top non-repeatable levels by time:
     D:1: 1047 daAuts
     D:2: 113 daAuts
